 Dungeon Crawl Stone Soup version 0.29-a0-620-g13ace881f2 (webtiles) character file.

Game seed: 3920676596538257165

59 wilfster70 the Chopper (level 3, 0/31 HPs)
             Began as a Minotaur Fighter on June 18, 2022.
             Slain by Sigmund
             ... wielding a +4 scythe of flaming
              (1 damage)
             ... on level 2 of the Dungeon.
             The game lasted 00:02:23 (1345 turns).

wilfster70 the Chopper (Minotaur Fighter)           Turns: 1345, Time: 00:02:23

Health: 0/31       AC:  8    Str: 22    XL:     3   Next: 78%
Magic:  2/2        EV:  9    Int:  5    God:
Gold:   60         SH:  4    Dex:  9    Spells: 2/2 levels left

rFire   . . .      SeeInvis .   a - +0 war axe
rCold   . . .      Faith    .   c - +0 buckler
rNeg    . . .      Spirit   .   h - +0 scale mail
rPois   .          Reflect  .   (helmet restricted)
rElec   .          Harm     .   (no cloak)
rCorr   .          Rampage  .   (no gloves)
Will    .....                   e - +0 pair of boots
Stlth   ..........              (no amulet)
HPRegen 0.10/turn               (no ring)
MPRegen 0.08/turn               (no ring)

@: no status effects
A: horns 2, retaliatory headbutt
a: no special abilities


You were on level 2 of the Dungeon.
You visited 1 branch of the dungeon, and saw 2 of its levels.

You collected 60 gold pieces.

Inventory:

Hand Weapons
 a - a +0 war axe (weapon)
 b - a +1 mace of protection
Armour
 c - a +0 buckler (worn)
 e - a +0 pair of boots (worn)
 h - a +0 scale mail (worn)
Scrolls
 j - a scroll of noise {unknown}
 k - a scroll of teleportation {unknown}
 l - 2 scrolls of vulnerability {unknown}
 m - a scroll of fog {unknown}
 n - a scroll of torment {unknown}
 o - a scroll of poison {unknown}
 p - a scroll of identify {unknown}
 q - a scroll of amnesia {unknown}
Potions
 d - a potion of might
 f - a potion of brilliance {unknown}
 g - a potion of curing {unknown}
 i - a potion of haste {unknown}


   Skills:
 - Level 3.6 Fighting
 + Level 4.8 Axes
 - Level 3.6 Armour
 - Level 4.0 Shields


You had 2 spell levels left.
You didn't know any spells.
Your spell library was empty.

Dungeon Overview and Level Annotations

Branches:
Dungeon (2/15)

Altars:

Annotations:
D:2 Sigmund


Innate Abilities, Weirdness & Mutations

You have a pair of horns on your head.
You reflexively headbutt those who attack you in melee.


Message History

You kill the goblin!
You see here a +0 club.
You see here a +0 club.
You see here a +0 ring mail.
A kobold comes into view. It is wielding a +0 short sword.
A kobold is nearby!
The kobold shouts!
You closely miss the kobold. Your headbutt misses the kobold.
The kobold completely misses you.
You slash the kobold!
You kill the kobold!
Found 9 stones.
Things that are here:
a +0 short sword; 2 stones
Found a stone staircase leading down.
You see here 9 stones.
Sigmund the Dreaded comes into view.
He is wielding a +4 scythe of flaming.
Sigmund shouts!
Sigmund points at you and mumbles some strange words.
The magic dart hits you.
A goblin comes into view. It is wielding a +0 club.
The goblin shouts!
The goblin unwields a +0 club.
The goblin wields a +0 hunting sling.
The goblin shoots a sling bullet.
The sling bullet hits you but does no damage.
Sigmund closely misses you.
You hit Sigmund.
Sigmund is lightly wounded.
You hit the goblin.
You kill the goblin!
Sigmund hits you with a +4 scythe of flaming!
Sigmund burns you.
You barely miss Sigmund. Your headbutt misses Sigmund.
Sigmund is lightly wounded.
Sigmund breathes a few words.
Sigmund's hands start flickering wildly.
Sigmund hits you with a +4 scythe of flaming!
* * * LOW HITPOINT WARNING * * *
Sigmund burns you.
You die...

### .. ########.##
#......#..#
#......##.#######.
#
#.....@@..........
.
#.....)###.######.
.. # ##...#.
#......# .# # #..
#. #......## .####
#. #. #.......#
.#... #
#.###.......##.#.##
#...........#.. #
######..###.#.#####
##.###.#......


You could see Sigmund.

Vanquished Creatures
  2 adders (D:2)
  5 ball pythons
  4 endoplasms
  A giant cockroach (D:1)
  2 hobgoblins (D:1)
  3 jackals (D:1)
  4 kobolds
  3 quokkas (D:1)
  2 bats (D:1)
  2 frilled lizards (D:1)
  6 goblins
  3 rats (D:1)
37 creatures vanquished.

Vanquished Creatures (others)
  8 plants (D:1)
8 creatures vanquished.

Grand Total: 45 creatures vanquished

Notes
Turn   | Place    | Note
-------+----------+-------------------------------------------
     0 | D:1      | wilfster70 the Minotaur Fighter began the quest for the
                  | Orb.
     0 | D:1      | Reached XP level 1. HP: 19/19 MP: 0/0
   248 | D:1      | Reached XP level 2. HP: 26/26 MP: 1/1
   754 | D:1      | Reached XP level 3. HP: 31/31 MP: 2/2
  1339 | D:2      | Noticed Sigmund
  1345 | D:2      | HP: 1/31 [Sigmund/+4 scythe of flaming (14)]
  1345 | D:2      | Slain by Sigmund

Illustrated notes

Levels and vault maps discovered:
D:1:      psy_arrival_terrarium, layout_loops_corners, serial_bayou_pond_d,
          serial_bayou_lagoon_b
D:2:      layout_basic, hellmonk_ecumenical_altar_leap_of_faith,
          corner_web_ring, minmay_misc_feat_secret_circle, uniq_sigmund

Skill      XL: |  1  2 |
---------------+-------+-----
Axes           | 3 4 |  4.8
Shields        | 4 |  4.0
Fighting       | |  3.6
Armour         | |  3.6

Action                   || total
-------------------------++-------
Melee: War axe           ||    70
       Headbutt          ||     8
Armor: Scale mail        ||    38
Dodge: Dodged            ||    53
Block: Buckler           ||    13

Table legend: (Time is in decaauts)
 A = Elapsed time spent in this place.
 B = Non-inter-level travel time spent in this place.
 C = Inter-level travel time spent in this place.
 D = Time resting spent in this place.
 E = Time spent auto-exploring this place.
 F = Levels seen in this place.
 G = Mean time per level.
                   A        B        C        D        E       F      G
               +--------+--------+--------+--------+--------+-----+--------+
         Total |   1387 |   1353 |     34 |    152 |    822 |   2 |  693.5 |
       Dungeon |   1387 |   1353 |     34 |    152 |    822 |   2 |  693.5 |
               +--------+--------+--------+--------+--------+-----+--------+

Top non-repeatable levels by time:
     D:1: 1163 daAuts
     D:2: 224 daAuts
